 Seeded DCSS version 0.30.1-4-g462c640d31 (webtiles) character file.

Game seed: 6351066067085065685 (custom seed)

28 Esekla the Grave Robber (level 3, -9/19 HPs)
             Began as a Deep Elf Necromancer on Aug 12, 2023.
             Was an Initiate of Vehumet.
             Mangled by an iguana (11 damage)
             ... on level 2 of the Dungeon.
             The game lasted 00:08:45 (860 turns).

Esekla the Grave Robber (Deep Elf Necromancer)       Turns: 860, Time: 00:08:46

Health: -9/19      AC:  4    Str:  5    XL:     3   Next: 0%
Magic:  9/9        EV: 13    Int: 21    God:    Vehumet [......]
Gold:   89         SH:  0    Dex: 18    Spells: 7/8 levels left

rFire   . . .        n - +5 rapier of the Hero {heavy, rN+ Dex+3}
rCold   . . .        (no shield)
rNeg    + . .        a - +0 robe
rPois   .            i - +0 helmet
rElec   .            (no cloak)
rCorr   .            k - +0 pair of gloves
SInv    .            (no boots)
Will    .....        (no amulet)
Stlth   ++           (no ring)
HPRegen 0.23/turn    (no ring)
MPRegen 0.11/turn

%: no passive effects
@: no status effects
A: no striking features
a: Renounce Religion


You were on level 2 of the Dungeon.
You worshipped Vehumet.
Vehumet was noncommittal.
You visited 1 branch of the dungeon, and saw 4 of its levels.

You collected 89 gold pieces.

Inventory:

Hand Weapons
 n - the +5 rapier of the Hero (weapon) {heavy, rN+ Dex+3}
   (You found it on level 3 of the Dungeon)

   Dex:       It affects your dexterity (+3).
   rN:        It protects you from negative energy.
Armour
 a - a +0 robe (worn)
 i - a +0 helmet (worn)
 k - a +0 pair of gloves (worn)
Wands
 g - a wand of roots (9)
Scrolls
 c - a scroll of blinking {unknown}
 e - a scroll of fear {unknown}
 m - a scroll of immolation {unknown}
 p - a scroll of fog {unknown}
Potions
 b - a potion of magic
 d - a potion of ambrosia {unknown}
 f - a potion of haste {unknown}
 h - a potion of mutation {unknown}
 j - a potion of curing {unknown}
 l - a potion of attraction {unknown}
 o - 2 potions of brilliance {unknown}


   Skills:
 + Level 0.2 Short Blades
 * Level 2.7 Dodging
 + Level 2.9 Stealth
 * Level 3.4 Spellcasting
 + Level 5.4 Necromancy


You had 7 spell levels left.
You knew the following spells:

 Your Spells              Type           Power      Damage    Failure   Level
a - Necrotise             Necr           100%       1d9       1%          1

Your spell library contained the following spells:

 Spells                   Type           Power      Damage    Failure   Level
 Vampiric Draining        Necr           26%        2d7       4%          3
 Animate Dead             Necr           26%        N/A       14%         4
 Agony                    Necr           26%        N/A       36%         5


Dungeon Overview and Level Annotations

Branches:
Dungeon (4/15)
 Temple: D:4-7

Altars:
Okawaru
Vehumet
Zin

Shops:
D:2 =


Message History

The iguana hisses angrily.
The black bear closely misses you. The black bear barely misses you.
The black bear misses you.
You hit the black bear.
The black bear is heavily wounded.
The black bear closely misses you.
The black bear claws you but does no damage.
The black bear barely misses you. x2; The black bear claws you. x2
Casting: Necrotise (safe; 1% risk of failure)
Confirm with . or Enter, or press ? or * to list all spells.
You don't know that spell.
There are monsters nearby!
Unknown command.
You barely miss the black bear.
The black bear is heavily wounded.
The black bear closely misses you.
The black bear claws you but does no damage.
The black bear closely misses you.
The black bear bites you but does no damage.
The black bear barely misses you.
The black bear claws you but does no damage.
You closely miss the black bear.
The black bear is heavily wounded.
The black bear barely misses you. The black bear closely misses you.
The black bear claws you but does no damage.
The iguana bites you. x2; The black bear misses you.
The black bear claws you but does no damage.
The black bear claws you.
You barely miss the black bear.
The black bear is heavily wounded.
The black bear bites you but does no damage.
The black bear claws you but does no damage.
The black bear closely misses you. The iguana barely misses you.
The black bear bites you.
* * * LOW HITPOINT WARNING * * *
The black bear barely misses you. The black bear claws you.
* * * LOW HITPOINT WARNING * * *
The iguana bites you!
Ouch! That really hurt!
You die...

#..# #.#
#..#####.###
#<.........#
#........).#
#.######.#.####.
#............h..
########.#.#####
#h# # #@#
......l.#
8.#.#####


You could see a black bear and an iguana.

Vanquished Creatures
  An adder (D:2)
  4 ball pythons (D:1)
  2 endoplasms
  A goblin (D:1)
  2 hobgoblins (D:3)
  A bat (D:1)
  3 frilled lizards
  5 kobolds
  A rat (D:2)
20 creatures vanquished.

Notes
Turn   | Place    | Note
-------+----------+-------------------------------------------
     0 | D:1      | Esekla the Deep Elf Necromancer began the quest for the
                  | Orb.
     0 | D:1      | Reached XP level 1. HP: 10/10 MP: 6/6
   125 | D:1      | Reached skill level 5 in Necromancy
   257 | D:2      | Found Renulab's Jewellery Shop.
   371 | D:4      | Found an iron altar of Okawaru.
   405 | D:4      | Found a glowing silver altar of Zin.
   458 | D:4      | Found a radiant altar of Vehumet.
   462 | D:4      | Became a worshipper of Vehumet
   515 | D:4      | Reached XP level 2. HP: 15/15 MP: 8/8
   657 | D:3      | Identified the +5 rapier of the Hero {heavy, rN+ Dex+3}
   848 | D:2      | Noticed a black bear
   856 | D:2      | Reached XP level 3. HP: 19/19 MP: 9/9
   860 | D:2      | Mangled by an iguana

Illustrated notes

Levels and vault maps discovered:
D:1:      sevenhm_arrival_forest_fort_small_3, layout_rooms,
          chequers_serial_rivers_room_b, minmay_misc_feat_five
D:2:      layout_loops_ring, dreamdust_ecumenical_altar_angels_and_demons,
          serial_shops, shop
D:3:      layout_basic, grunt_temple_overflow_open, minmay_misc_feat_iff
D:4:      layout_basic, nicolae_overflow_quartered_altars, serial_shops,
          nicolae_diamond_shop

Skill      XL: |  1 |
---------------+----+-----
Necromancy     | 5 |  5.4
Short Blades   | |  0.2
Dodging        | |  2.7
Stealth        | |  2.9
Spellcasting   | |  3.4

Action                     || total
---------------------------++-------
  Melee: Short sword       ||    37
         Unarmed           ||     9
         Punch             ||     1
         Rapier            ||    17
   Stab: Sleeping          ||     2
 Armour: Robe              ||    22
  Dodge: Dodged            ||    53
